 Dungeon Crawl Stone Soup version 0.26-a0-639-g72c4674329 (webtiles) character file.

Game seed: 13084589478882655496

769 Peloso the Slasher (level 7, 0/54 HPs)
             Began as a Demonspawn Fighter on Sept 18, 2020.
             Killed by divine providence
             ... invoked by an orc priest
              (14 damage)
             ... on level 4 of the Dungeon.
             The game lasted 00:09:25 (5189 turns).

Peloso the Slasher (Demonspawn Fighter)             Turns: 5189, Time: 00:09:25

Health: 0/54       AC: 14    Str: 18    XL:     7   Next: 52%
Magic:  7/7        EV:  4    Int:  9    God:
Gold:   107        SH:  9    Dex: 13    Spells: 6/6 levels left

rFire    + . .     SeeInvis .   a - +0 long sword
rCold    . . .     Faith    .   c - +0 kite shield
rNeg     . . .     Spirit   .   n - +0 plate armour
rPois    .         Reflect  .   h - +0 helmet (curse)
rElec    .         Harm     .   (no cloak)
rCorr    .         Rampage  .   j - +0 pair of gloves
MR       .....                  (no boots)
Stlth    ..........             (no amulet)
HPRegen  0.18/turn              (no ring)
MPRegen  0.10/turn              (no ring)

@: no status effects
A: claws 1, demonic guardian 1, fire resistance 1, flame cloud immunity
a: no special abilities


You were on level 4 of the Dungeon.
You visited 1 branch of the dungeon, and saw 4 of its levels.
You also visited: Ossuary.

You collected 107 gold pieces.

Inventory:

Hand Weapons
 a - a +0 long sword (weapon)
Armour
 b - a +0 scale mail
 c - a +0 kite shield (worn)
 h - a cursed +0 helmet (worn)
 j - a +0 pair of gloves (worn)
 n - a +0 plate armour (worn)
Scrolls
 f - a scroll of teleportation
 i - a scroll of magic mapping {unknown}
 l - a scroll of fog
 m - 2 scrolls of enchant armour {unknown}
 o - a scroll of amnesia
 t - a scroll of fear
 v - a scroll of remove curse
Potions
 d - 3 potions of might
 e - 4 potions of curing
 g - a potion of mutation
 k - 3 potions of degeneration {unknown}
 p - a potion of resistance
 q - a potion of flight
 r - a potion of magic {unknown}
 s - a potion of stabbing {unknown}
 u - a potion of brilliance {unknown}


   Skills:
 + Level 4.1 Fighting
 + Level 5.4 Long Blades
 + Level 4.1 Armour
 + Level 1.5 Dodging
 + Level 0.1 Stealth
 + Level 4.2 Shields


You had 6 spell levels left.
You didn't know any spells.
Your spell library was empty.

Dungeon Overview and Level Annotations

Branches:
Dungeon (4/15)             Temple (0/1) D:4         Ossuary (visited)

Altars:


Innate Abilities, Weirdness & Mutations

You have sharp fingernails.
A weak demonic guardian rushes to your aid.
Your flesh is heat resistant. (rF+)
You are immune to clouds of flame.


Message History

You block the orc priest's attack. The orc wizard completely misses you.
Unknown command.
You hit the orc priest but do no damage.
The orc priest is almost dead.
The orc wizard gestures at you while chanting.
The puff of flame hits you. You resist.
* * * LOW HITPOINT WARNING * * *
You block the orc priest's attack. You block the orc wizard's attack.
You hit the orc priest but do no damage.
The orc priest is almost dead.
The orc priest hits you but does no damage.
The orc wizard hits you but does no damage.
The orc priest mumbles some strange prayers to Beogh against you.
You struggle to resist.
You hit the orc priest but do no damage.
The orc priest is almost dead.
You block the orc wizard's attack.
The orc priest invokes the aid of Beogh against you.
Beogh smites you!
You die...

######...####
#.......####.####
#...#
#.........##.#
#...#
##.......#.##.#
#...#
#.......##.....
#...#####.#.......
...
..........#.#..###
...
............#..#
#.oo# #..#
#.#@###..#
...#.)†...#
⌠..#.#####.##
....(#. #.# >...
.. #.############
... #.
#............# ..⌠
#. ##..#####.#....
#...# #.#.#.#
#...# #...#.#


You could see an orc priest and an orc wizard (fast).

Vanquished Creatures
  A phantom (D:4)
  2 elf zombies (Ossuary)
  2 centaur zombies (Ossuary)
  A human zombie (Ossuary)
  An orc wizard (D:4)
  An orc priest (D:4)
  Jessica (D:2)
  2 worker ants (D:4)
  2 big kobold zombies (Ossuary)
  A hound zombie (Ossuary)
  3 mummies (Ossuary)
  6 adders
  8 gnolls (D:4)
  An ooze (D:4)
  5 adder zombies (Ossuary)
  3 worms
  A dart slug (D:1)
  3 leopard geckos
  4 orcs (D:4)
  3 giant cockroaches (D:1)
  19 goblins
  7 hobgoblins
  2 jackals (D:2)
  3 quokkas
  6 bats (D:1)
  4 frilled lizards
  2 gnoll zombies (Ossuary)
  8 goblin zombies
  A hobgoblin zombie (Ossuary)
  A jackal zombie (Ossuary)
  6 kobolds
  4 kobold zombies (Ossuary)
  An orc zombie (Ossuary)
  6 quokka zombies
  9 rats
  A rat zombie (Ossuary)
131 creatures vanquished.

Vanquished Creatures (collateral kills)
  An adder (D:2)
  An adder zombie (Ossuary)
  An orc (D:4)
3 creatures vanquished.

Grand Total: 134 creatures vanquished

Notes
Turn   | Place    | Note
-------+----------+-------------------------------------------
     0 | D:1      | Peloso the Demonspawn Fighter began the quest for the Orb.
     0 | D:1      | Reached XP level 1. HP: 18/18 MP: 1/1
   226 | D:1      | Gained mutation: You have sharp fingernails. [demonic
                  | ancestry]
   226 | D:1      | Reached XP level 2. HP: 24/24 MP: 2/2
   260 | D:1      | Reached skill level 2 in Long Blades
   765 | D:1      | Gained mutation: A weak demonic guardian rushes to your
                  | aid. [demonic ancestry]
   765 | D:1      | Reached XP level 3. HP: 29/29 MP: 3/3
  1489 | D:2      | Noticed Jessica
  1495 | D:2      | Killed Jessica
  1495 | D:2      | Gained mutation: Your flesh is heat resistant. (rF+)
                  | [demonic ancestry]
  1495 | D:2      | Reached XP level 4. HP: 7/35 MP: 4/4
  2943 | D:3      | Reached XP level 5. HP: 13/41 MP: 5/5
  3248 | D:3      | Reached skill level 1 in Dodging
  3441 | D:3      | Reached skill level 3 in Long Blades
  3589 | D:4      | Found a sand-covered staircase.
  3596 | Ossuary  | Entered an ossuary
  3903 | Ossuary  | Reached XP level 6. HP: 46/47 MP: 6/6
  3984 | Ossuary  | Reached skill level 4 in Long Blades
  4372 | D:4      | Gained mutation: You are immune to clouds of flame.
                  | [demonic ancestry]
  4372 | D:4      | Reached XP level 7. HP: 46/53 MP: 7/7
  4410 | D:4      | Reached skill level 5 in Long Blades
  4971 | D:4      | Found a staircase to the Ecumenical Temple.
  5189 | D:4      | Killed from afar by an orc priest

Illustrated notes

Levels and vault maps discovered:
D:1:      minmay_arrival_stone_box, layout_loops_cross, minmay_ruptured
D:2:      layout_basic, uniq_jessica
D:3:      layout_loops_ring
D:4:      layout_loops_cross, nemelex_xobeh_ov_fountains_minmay,
          minmay_temple_entry_large_hall, enter_ossuary_4

Skill      XL: |  1  2  3  4  5  6  7 |
---------------+----------------------+-----
Shields        | 3 4 |  4.2
Long Blades    | 2 3 4 5 |  5.4
Armour         | 3 4 |  4.1
Dodging        | 1 |  1.5
Fighting       | 4 |  4.1
Stealth        | |  0.1

Action                   |  1- 3 |  4- 6 |  7- 9 || total
-------------------------+-------+-------+-------++-------
Melee: Long sword        |   126 |   380 |   140 ||   646
  Use: Scroll            |     3 |     6 |       ||     9
       Potion            |     2 |       |     1 ||     3
Armor: Scale mail        |   107 |    41 |       ||   148
       Plate armour      |       |   207 |    97 ||   304
Dodge: Dodged            |    53 |    55 |    22 ||   130
Block: Kite shield       |    86 |   181 |    68 ||   335
       Rpst.: Long sword |    16 |    14 |     7 ||    37

Table legend: (Time is in decaauts)
 A = Elapsed time spent in this place.
 B = Non-inter-level travel time spent in this place.
 C = Inter-level travel time spent in this place.
 D = Time resting spent in this place.
 E = Time spent auto-exploring this place.
 F = Levels seen in this place.
 G = Mean time per level.
                   A        B        C        D        E       F      G
               +--------+--------+--------+--------+--------+-----+--------+
         Total |   5379 |   5280 |     99 |    589 |   3182 |   5 | 1075.8 |
       Dungeon |   4595 |   4496 |     99 |    589 |   2855 |   4 | 1148.8 |
       Ossuary |    783 |    783 |      0 |      0 |    327 |   1 |  783.0 |
               +--------+--------+--------+--------+--------+-----+--------+

Top non-repeatable levels by time:
     D:2: 1315 daAuts
     D:3: 1248 daAuts
     D:1: 1106 daAuts
     D:4: 925 daAuts
 Ossuary: 783 daAuts
